 Dungeon Crawl Stone Soup version 0.20-a0-798-g2c266a9 (webtiles) character file.

133 AlphabetPasta the Cutter (level 5, -9/33 HPs)
             Began as a Kobold Abyssal Knight on Mar 1, 2017.
             Was a Believer of Lugonu.
             Killed from afar by Sigmund (10 damage)
             ... with a magic dart
             ... on level 3 of the Dungeon.
             The game lasted 00:08:09 (1813 turns).

AlphabetPasta the Cutter (Kobold Abyssal Knight)    Turns: 1813, Time: 00:08:10

Health: -9/33      AC:  8    Str: 11    XL:     5   Next: 39%
Magic:  6/7        EV: 12    Int: 13    God:    Lugonu [**....]
Gold:   173        SH:  0    Dex: 14    Spells: 4/4 levels left

rFire    . . .     SeeInvis .   a - +1 short sword
rCold    . . .     Gourm    .   g - +0 scale mail
rNeg     . . .     Faith    .   (shield restricted)
rPois    .         Spirit   .   i - +0 helmet
rElec    .         Reflect  .   d - +0 cloak
rCorr    .         Harm     .   (no gloves)
MR       .....                  (no boots)
Stlth    ..........             (no amulet)
Regen    0.2/turn               (no ring)
MPRegen  0.1/turn               (no ring)

@: confused
A: carnivore 3
a: Depart the Abyss, Bend Space, Renounce Religion


You were on level 3 of the Dungeon.
You worshipped Lugonu.
Lugonu was pleased with you.
You were completely stuffed.

You visited 1 branch of the dungeon, and saw 3 of its levels.
You visited the Abyss 1 time.

You collected 173 gold pieces.

Inventory:

Hand Weapons
 a - a +1 short sword (weapon)
Armour
 b - a +0 leather armour
 d - a +0 cloak (worn)
 g - a +0 scale mail (worn)
 i - a +0 helmet (worn)
Scrolls
 j - a scroll of teleportation
Potions
 l - a potion of cancellation {unknown}
Comestibles
 c - a meat ration
 f - a royal jelly
 h - 2 chunks of flesh


   Skills:
 + Level 3.8 Fighting
 * Level 4.7 Short Blades
 * Level 1.2 Armour
 + Level 3.2 Dodging
 - Level 0.4 Stealth
 + Level 3.1 Invocations


You had 4 spell levels left.
You didn't know any spells.

Dungeon Overview and Level Annotations

Branches:
Dungeon (3/15)

Altars:

Annotations:
D:3 Sigmund


Innate Abilities, Weirdness & Mutations

You are small and have problems with some larger weapons.
You are carnivorous and can eat meat at any time.


Message History

You barely miss Sigmund.
Sigmund is severely wounded.
Sigmund mumbles some strange words.
Sigmund flickers and vanishes!
Deactivating autopickup; reactivate with Ctrl-A.
You hit something but do no damage. Something completely misses you.
You miss something. You miss something. Something hits you.
* * * LOW HITPOINT WARNING * * *
You hit something.
A leopard gecko comes into view.
The leopard gecko hisses angrily.
You hit something. Something hits you.
* * * LOW HITPOINT WARNING * * *
Space bends around you!
You blink.
You are confused.
You are more confused.
A magic dart appears from out of thin air!
The magic dart hits you!
You die...

.......)..###
#.)...........##...
....#######
##........##.......
.....#
###..........#.......
.....#
#......<.............
.....#
#.#<...§{............
....##
#.#..................
...## #
#.l...........#.###
####
##............#.###
#@.........#...##.
#.####.....##.....
#.# #......##.....
..##....#^.##..###
#.......##...#..# #
.... #... ## #.....
....###≈ ......
#......≈ ....####
......≈≈


You could see a leopard gecko.

Vanquished Creatures
  Natasha (twice) (D:2)
  An adder (D:2)
  An ooze (D:3)
  2 worms
  2 dart slugs
  3 leopard geckos
  6 orcs (D:3)
  3 giant cockroaches
  6 goblins
  6 hobgoblins
  A kobold (D:2)
  4 quokkas
  6 bats
  3 frilled lizards
  5 rats
51 creatures vanquished.

Notes
Turn   | Place    | Note
-------+----------+-------------------------------------------
     0 | Abyss:1  | AlphabetPasta the Kobold Abyssal Knight began the quest for the Orb.
     0 | Abyss:1  | Reached XP level 1. HP: 14/14 MP: 2/2
    41 | Abyss:1  | Noticed a small abomination
    41 | D:1      | Escaped the Abyss
   201 | D:1      | Reached skill level 3 in Short Blades
   281 | D:1      | Reached * piety under Lugonu
   281 | D:1      | Reached XP level 2. HP: 19/19 MP: 3/3
   688 | D:2      | Reached XP level 3. HP: 18/23 MP: 4/4
  1097 | D:2      | Reached skill level 1 in Armour
  1099 | D:2      | Noticed Natasha
  1114 | D:2      | Killed Natasha
  1114 | D:2      | Reached skill level 4 in Short Blades
  1114 | D:2      | Reached XP level 4. HP: 11/28 MP: 4/6
  1453 | D:3      | Reached XP level 5. HP: 32/33 MP: 7/7
  1495 | D:3      | Reached ** piety under Lugonu
  1546 | D:3      | Noticed Sigmund
  1695 | D:2      | Noticed Natasha
  1711 | D:2      | Killed Natasha
  1813 | D:3      | Killed from afar by Sigmund

Vault maps used:
D:1:      dpeg_arrival_fog
D:2:      first_bread, uniq_natasha
D:3:      cheibrodos_helix_gallery, uniq_sigmund
Abyss:1:  evilmike_abyss_exit_17

Skill      XL: |  1  2  3  4  5 |
---------------+----------------+-----
Short Blades   | 3 4 |  4.7
Dodging        | 3 |  3.2
Armour         | 1 |  1.2
Invocations    | 3 |  3.1
Fighting       | |  3.8
Stealth        | |  0.4

Action                   |  1- 3 |  4- 6 || total
-------------------------+-------+-------++-------
Melee: Short sword       |   168 |   121 ||   289
Invok: Depart the Abyss  |     1 |       ||     1
       Bend Space        |       |     1 ||     1
  Use: Scroll            |     2 |     1 ||     3
       Potion            |       |     1 ||     1
  Eat: Chunk             |     9 |     3 ||    12
Armor: Leather armour    |    11 |       ||    11
       Scale mail        |    40 |    35 ||    75
Dodge: Dodged            |   108 |    68 ||   176
